 Dungeon Crawl Stone Soup version 0.21.0-3-g78d12a8 (webtiles) character file.

46 MTVSty1e the Charlatan (level 3, -1/28 HPs)
             Began as a Draconian Artificer on Jan 12, 2018.
             Killed from afar by a white imp (9 damage)
             ... with a puff of frost
             ... summoned by Natasha
             ... on level 2 of the Dungeon.
             The game lasted 00:02:16 (1337 turns).

MTVSty1e the Charlatan (Draconian Artificer)        Turns: 1337, Time: 00:02:17

Health: -1/28      AC:  5    Str: 15    XL:     3   Next: 44%
Magic:  5/5        EV: 12    Int: 11    God:
Gold:   70         SH:  0    Dex: 11    Spells: 2/2 levels left

rFire    . . .     SeeInvis .   j - +0 spear (pierce)
rCold    . . .     Gourm    .   (no shield)
rNeg     . . .     Faith    .   (armour unavailable)
rPois    .         Spirit   .   (helmet restricted)
rElec    .         Reflect  .   (no cloak)
rCorr    .         Harm     .   (no gloves)
MR       .....                  (no boots)
Stlth    +.........             (no amulet)
HPRegen  0.09/turn              (no ring)
MPRegen  0.09/turn              (no ring)

@: lethally poisoned (-1 -> -3)
A: unfitting armour, cold-blooded, AC +5
a: no special abilities


You were on level 2 of the Dungeon.
You were not hungry.

You visited 1 branch of the dungeon, and saw 2 of its levels.

You collected 70 gold pieces.

Inventory:

Hand Weapons
 j - a +0 spear of piercing (weapon)
Jewellery
 m - an uncursed amulet of harm {unknown}
 n - an uncursed ring of stealth {unknown}
Wands
 b - a wand of flame (15)
 c - a wand of enslavement (15)
Scrolls
 g - 3 scrolls of identify {unknown}
 h - a scroll of blinking {unknown}
 k - a scroll of remove curse {unknown}
Potions
 a - a potion of cancellation {unknown}
 d - a potion of heal wounds {unknown}
 e - a potion of flight {unknown}
 i - 2 potions of invisibility {unknown}
 l - a potion of might {unknown}
Comestibles
 f - 3 rations


   Skills:
 - Level 1.5 Fighting
   Level 1.0 Short Blades
   Level 1.7(2.2) Axes
 * Level 2.1(2.5) Polearms
 - Level 1.7 Dodging
 - Level 0.8 Stealth
 - Level 3.0 Evocations


You had 2 spell levels left.
You didn't know any spells.

Dungeon Overview and Level Annotations

Branches:
Dungeon (2/15)

Altars:

Annotations:
D:2 Natasha


Innate Abilities, Weirdness & Mutations

Your plain brown scales are hard. (AC +5)
You cannot fit into any form of body armour.
You are cold-blooded and may be slowed by cold attacks.


Message History

You are too injured to fight recklessly!
You are too injured to fight recklessly!
You are too injured to fight recklessly!
You are too injured to fight recklessly!
You are too injured to fight recklessly!
You are too injured to fight recklessly!
You are too injured to fight recklessly!
You are too injured to fight recklessly!
You are too injured to fight recklessly!
You are too injured to fight recklessly!
You are too injured to fight recklessly!
You are too injured to fight recklessly!
The adder bites you.
Natasha mumbles some strange words.
The adder bites you but does no damage. The white imp misses you.
The adder closely misses you. Natasha claws you.
* * * LOW HITPOINT WARNING * * *
The white imp gestures at you. The puff of frost hits you!
You die...

#..####..#
######..#
#.......#
#.#####.#
#...# #.###
###+###.#
......S.#
......5@#
.......h....#
............#
.......5#####
........#
........#
.........
#####+###


You could see Natasha, an adder, a white imp and a shadow imp.

Vanquished Creatures
  2 adders (D:2)
  A dart slug (D:2)
  A leopard gecko (D:1)
  6 bats
  A hobgoblin (D:1)
  3 frilled lizards (D:2)
  5 goblins
  4 kobolds
  4 rats
27 creatures vanquished.

Notes
Turn   | Place    | Note
-------+----------+-------------------------------------------
     0 | D:1      | MTVSty1e the Draconian Artificer began the quest for the Orb.
     0 | D:1      | Reached XP level 1. HP: 16/16 MP: 3/3
   214 | D:1      | Reached skill level 1 in Axes
   272 | D:1      | Reached XP level 2. HP: 21/23 MP: 4/4
   703 | D:2      | Reached skill level 1 in Polearms
   703 | D:2      | Reached XP level 3. HP: 11/28 MP: 5/5
  1330 | D:2      | Noticed Natasha
  1337 | D:2      | Killed from afar by a white imp

Skill      XL: |  1  2  3 |
---------------+----------+-----
Axes           | 1 |  1.7
Polearms       | 1 2 |  2.1
Fighting       | |  1.5
Short Blades   | |  1.0
Dodging        | |  1.7
Stealth        | |  0.8
Evocations     | |  3.0

Action                   || total
-------------------------++-------
Melee: Hand axe          ||    28
       Short sword       ||     7
       Spear             ||    55
       Tailslap          ||     2
 Stab: Sleeping          ||     1
  Eat: Chunk             ||     1
Armor: Skin              ||    28
Dodge: Dodged            ||    58
